 Dungeon Crawl Stone Soup version 0.19-a0-27-g415f530 (webtiles) character file.

445 M4edhros the Martial Artist (level 6, -3/41 HPs)
             Began as a Vampire Monk on May 1, 2016.
             Killed by divine providence
             ... invoked by an orc priest
              (13 damage)
             ... on level 5 of the Dungeon.
             The game lasted 00:05:46 (1096 turns).

M4edhros the Martial Artist (Vampire Monk)          Turns: 1096, Time: 00:05:47

Health: -3/41      AC: 12    Str: 12 (14) XL:     6   Next: 72%
Magic:  6/6        EV:  3    Int: 11 (13) God:
Gold:   68         SH:  0    Dex: 15 (16) Spells: 0 memorised, 5 levels left

rFire  . . .     SeeInvis +       - Unarmed
rCold  . . .     Gourm    .     f - +0 plate armour
rNeg   . . .     Faith    .     (no shield)
rPois  +         Spirit   .     (helmet restricted)
rElec  .         Dismiss  .     x - +0 cloak
rCorr  .         Reflect  .     (no gloves)
SustAt .         Harm     .     m - +0 pair of boots
MR     .....                    (no amulet)
Stlth  ..........               w - ring of stealth
                                q - ring of poison resistance

@: regenerating very quickly, not resistant to hostile enchantments, extremely
unstealthy
A: antennae 1, fangs 3, see invisible, frail 1, sense surroundings 1, poison
resistance, screaming 1, strong 1, unbreathing
a: no special abilities


You were on level 5 of the Dungeon.
You were almost alive.

You visited 1 branch of the dungeon, and saw 5 of its levels.

You collected 184 gold pieces.
You spent 116 gold pieces at shops.

Inventory:

Missiles
 b - 2 throwing nets (quivered)
 s - a tomahawk of returning
Armour
 a - a +0 robe
 c - a +0 chain mail
 f - a +0 plate armour (worn)
 m - a +0 pair of boots (worn)
 t - the +0 robe of Sovereignty {Dex+4}
   (You found it on level 4 of the Dungeon)

   It affects your dexterity (+4).
 x - a +0 cloak (worn)
Jewellery
 q - a ring of poison resistance (left hand)
 w - a ring of stealth (right hand)
Wands
 d - a wand of slowing (35/48)
 e - a wand of lightning (4/15)
Scrolls
 i - a scroll of immolation
 j - a scroll of noise {unknown}
 k - 2 scrolls of teleportation {unknown}
 n - a scroll of magic mapping
 p - a scroll of random uselessness {unknown}
 r - a scroll of enchant armour {unknown}
Potions
 g - 4 potions of blood
 h - a potion of degeneration
 l - a potion of might
 o - a potion of flight
 u - a potion of agility


   Skills:
 - Level 2.6 Fighting
 - Level 3.2 Dodging
 - Level 3.0 Stealth
 + Level 8.9 Unarmed Combat


You had 5 spell levels left.
You didn't know any spells.

Dungeon Overview and Level Annotations

Branches:
Dungeon (5/15)
 Temple: D:4-7

Altars:
Yredelemnul

Shops:
D:4 !


Innate Abilities, Weirdness & Mutations

Your natural rate of healing is extremely fast.
You have razor-sharp teeth.
You have supernaturally acute eyesight.
You can survive without breathing.
You have a pair of small antennae on your head.
You are frail (-10% HP).
You passively map a small area around you.
Your system is resistant to poisons.
You occasionally shout uncontrollably at your foes.
Your muscles are strong. (Str +2)


Message History

The orc hits you but does no damage.
You hit the orc.
The orc is heavily wounded.
You closely miss the orc.
The orc is heavily wounded.
The orc hits you but does no damage.
The orc priest invokes the aid of Beogh against you.
Beogh smites you!
You hear a shout!
You punch the orc!
You kill the orc!
You barely miss the orc.
The orc priest mumbles some strange prayers to Beogh against you.
Beogh smites you!
* * * LOW HITPOINT WARNING * * *
The orc hits you but does no damage.
Your plate armour prevents you from hitting the orc.
The orc priest mumbles some strange prayers to Beogh against you.
Beogh smites you!
You die...

#.##.# ##### * ### ####..
....#### .. ,, o.## ##..
.<.....#..# ,, ...#########
.......#.#* * #o.......
......... #........
.......# * #{o......
.......###########........
................@o........
.......###########........,
....<..# ######### ,
.......# , ######## *


You could see an orc priest and an orc.

Vanquished Creatures
  Duvessa (D:4)
  Dowan (D:4)
  A scorpion (D:4)
  A crimson imp (D:5)
  A hound (D:5)
  An orc priest (D:3)
  A centaur skeleton (D:4)
  An iguana (D:5)
  A worker ant (D:5)
  4 gnolls (D:4)
  2 adder skeletons (D:4)
  A worm (D:2)
  A giant gecko (D:3)
  6 orcs
  3 giant cockroaches
  A goblin (D:1)
  2 hobgoblins
  2 kobolds
  2 bats (D:1)
  A giant newt (D:3)
  2 rats (D:2)
36 creatures vanquished.

Vanquished Creatures (others)
  4 toadstools (D:1)
4 creatures vanquished.

Grand Total: 40 creatures vanquished

Notes
Turn   | Place    | Note
--------------------------------------------------------------
     0 | D:1      | M4edhros the Vampire Monk began the quest for the Orb.
     0 | D:1      | Reached XP level 1. HP: 17/17 MP: 1/1
   123 | D:2      | Reached XP level 2. HP: 19/23 MP: 2/2
   136 | D:3      | Reached skill level 5 in Unarmed Combat
   136 | D:3      | Reached XP level 3. HP: 21/28 MP: 3/3
   545 | D:4      | Noticed Duvessa
   545 | D:4      | Noticed Dowan
   554 | D:4      | Killed Duvessa
   554 | D:4      | Reached skill level 7 in Unarmed Combat
   554 | D:4      | Reached XP level 4. HP: 18/34 MP: 4/4
   554 | D:4      | Reached XP level 5. HP: 21/39 MP: 5/5
   565 | D:4      | Killed Dowan
   792 | D:4      | Found Ciapostro's Distillery.
   797 | D:4      | Bought a potion of mutation for 32 gold pieces
   797 | D:4      | Bought a potion of agility for 52 gold pieces
   797 | D:4      | Bought a potion of mutation for 32 gold pieces
   797 | D:4      | Gained mutation: You occasionally shout uncontrollably at your foes. [potion of mutation]
   797 | D:4      | Gained mutation: Your muscles are strong. (Str +2) [potion of mutation]
   797 | D:4      | Gained mutation: You have a pair of small antennae on your head. [potion of mutation]
   798 | D:4      | Gained mutation: You are frail (-10% HP). [potion of mutation]
   798 | D:4      | Gained mutation: You passively map a small area around you. [potion of mutation]
   798 | D:4      | Gained mutation: Your system is resistant to poisons. [potion of mutation]
   805 | D:4      | Got a tattered robe
   816 | D:4      | Reached skill level 8 in Unarmed Combat
   816 | D:4      | Reached XP level 6. HP: 30/41 MP: 6/6
   828 | D:4      | Identified the cursed +0 robe of Sovereignty {Dex+4} (You found it on level 4 of the Dungeon)
   905 | D:5      | Entered Level 5 of the Dungeon
   922 | D:5      | Found a basalt altar of Yredelemnul.
  1096 | D:5      | Killed from afar by an orc priest

Vault maps used:
D:1:      ldierk_water_garden, hex_large
D:2:      ecumenical_altar_2, first_bread
D:3:      yredelemnul_forgotten_temple_becter, minmay_liquid_box, kennysheep_nub
D:4:      serial_shops, shop_fountains, grunt_ministairs_12, uniq_duvessa
D:5:      basic_altar, roderic_roman_lattice, nemelex_lonely_heart_becter

Skill      XL: |  1  2  3  4  5 |
---------------+----------------+-----
Unarmed Combat | 5 7 8 |  8.9
Fighting       | |  2.6
Dodging        | |  3.2
Stealth        | |  3.0

Action                   |  1- 3 |  4- 6 || total
-------------------------+-------+-------++-------
Melee: Unarmed           |    66 |   119 ||   185
       Bite              |    10 |    10 ||    20
       Punch             |     1 |     3 ||     4
  Use: Potion            |     9 |     9 ||    18
       Scroll            |     1 |     2 ||     3
Armor: Chain mail        |    20 |       ||    20
       Plate armour      |    10 |    73 ||    83
Dodge: Dodged            |    16 |    10 ||    26
